 Dungeon Crawl Stone Soup version 0.25-a0-424-g80bd347ae0 (webtiles) character file.

Game seed: 9383150526942888152, levelgen mode: deterministic

16548 DerDa the Commander (level 12, -7/66 HPs)
             Began as a Vine Stalker Fighter on Jan 21, 2020.
             Was a High Priest of Okawaru.
             Engulfed by an ice statue's freezing vapour (8 damage)
             ... in an ice cave.
             The game lasted 00:35:09 (9019 turns).

DerDa the Commander (Vine Stalker Fighter)          Turns: 9019, Time: 00:35:09

Health: -7/66      AC: 20    Str: 28    XL:     12   Next: 38%
Magic:  0/19       EV: 10    Int: 13    God:    Okawaru [*****.]
Gold:   640        SH: 12    Dex: 17    Spells: 11/11 levels left

rFire    . . .     SeeInvis .   Y - +2 demon blade (freeze)
rCold    . . .     Gourm    .   c - +0 shield
rNeg     . . .     Faith    .   q - +4 chain mail
rPois    .         Spirit   +   h - +0 helmet
rElec    .         Reflect  .   n - +0 cloak "Nakum" {Int+5}
rCorr    .         Harm     .   (no gloves)
MR       +....                  J - +2 pair of boots
Stlth    ..........             M - amulet of regeneration
HPRegen  1.41/turn              m - +3 ring of strength
MPRegen  0.16/turn              z - +4 ring of strength

@: studying Long Blades
A: fangs 3, regeneration 2, magic shield, antimagic bite, no potion heal 3, rot
immunity
a: Heroism, Finesse, Renounce Religion


You were in an ice cave.
You worshipped Okawaru.
Okawaru was extremely pleased with you.
You were near starving.

You visited 3 branches of the dungeon, and saw 13 of its levels.
You also visited: Sewer and Ice Cave.

You collected 640 gold pieces.

Inventory:

Hand Weapons
 p - a +1 whip of draining
 D - a +0 hand crossbow
 Y - a +2 demon blade of freezing (weapon)
Missiles
 a - 20 bolts
 l - 318 stones (quivered)
 I - 65 sling bullets
Armour
 c - a +0 shield (worn)
 h - a +0 helmet (worn)
 n - the +0 cloak "Nakum" (worn) {Int+5}
   (Okawaru gifted it to you on level 11 of the Dungeon)

   It affects your intelligence (+5).
 q - a +4 chain mail (worn)
 J - a +2 pair of boots (worn)
Jewellery
 m - a +3 ring of strength (left hand)
 z - a +4 ring of strength (right hand)
 F - an uncursed ring of fire
 M - an amulet of regeneration (around neck)
 Q - an uncursed amulet of the gourmand
Wands
 r - a wand of scattershot (6)
 H - a wand of flame (42)
 O - a wand of acid (10)
 S - a wand of paralysis (9)
 V - a wand of random effects (12)
Scrolls
 b - 2 scrolls of fear
 i - 3 scrolls of remove curse
 j - a scroll of magic mapping
 v - 4 scrolls of teleportation
 y - a scroll of enchant weapon
 B - a scroll of immolation
 K - a scroll of enchant armour
 L - 2 scrolls of blinking
 N - a scroll of torment {unknown}
 P - a scroll of amnesia {unknown}
Potions
 d - 2 potions of might
 e - a potion of curing
 g - 6 potions of resistance
 o - 5 potions of haste {unknown}
 s - 3 potions of brilliance {unknown}
 t - 4 potions of degeneration {unknown}
 u - 2 potions of magic {unknown}
 w - a potion of invisibility {unknown}
 x - 6 potions of agility {unknown}
 A - 4 potions of mutation {unknown}
 C - 4 potions of flight {unknown}
 E - 3 potions of berserk rage {unknown}
 G - 5 potions of heal wounds {unknown}
 T - 3 potions of lignification {unknown}
Books
 k - a manual of Long Blades
Comestibles
 f - 14 rations


   Skills:
 * Level 9.2 Fighting
 - Level 3.4 Long Blades
 + Level 6.2 Armour
 + Level 5.4 Dodging
 + Level 6.8 Shields
 * Level 9.3 Invocations
 * Level 8.0 Evocations


You had 11 spell levels left.
You didn't know any spells.
Your spell library contained the following spells:

 Spells                   Type           Power        Failure   Level  Hunger
 Animate Skeleton         Necr           N/A          99%         1    ##.....
 Apportation              Tloc           #.....       99%         1    ##.....
 Corona                   Hex            #......      99%         1    ##.....
 Magic Dart               Conj           #...         99%         1    ##.....
 Sandblast                Erth           #.....       99%         1    ##.....
 Summon Small Mammal      Summ           #...         99%         1    ##.....
 Blink                    Tloc           N/A          100%        2    ###....
 Call Imp                 Summ           #.......     100%        2    ###....
 Ensorcelled Hibernation  Hex/Ice        #.....       100%        2    ###....
 Passwall                 Tmut/Erth      #.......     100%        2    ###....
 Slow                     Hex            #.......     100%        2    ###....
 Confusing Touch          Hex            #.......     100%        3    ####...
 Conjure Flame            Conj/Fire      #.......     100%        3    ####...
 Dazzling Flash           Conj/Hex       #.....       100%        3    ####...
 Mephitic Cloud           Conj/Pois/Air  #.......     100%        3    ####...
 Stone Arrow              Conj/Erth      #.....       100%        3    ####...
 Tukima's Dance           Hex            #.......     100%        3    ####...
 Petrify                  Tmut/Erth      #.......     100%        4    #####..
 Bolt of Magma            Conj/Fire/Erth #.........   100%        5    ######.
 Iskenderun's Battlesphe  Conj/Chrm      #.......     100%        5    ######.
 Lee's Rapid Deconstruct  Erth           #.........   100%        5    ######.
 Iron Shot                Conj/Erth      #.........   100%        6    #######
 Orb of Destruction       Conj           #.........   100%        7    #######
 Spellforged Servitor     Conj/Summ      #.........   100%        7    #######


Dungeon Overview and Level Annotations

Branches:
Dungeon (11/15)            Temple (1/1) D:6            Lair (1/6) D:9
    Orc (0/2) D:10          Sewer (visited)           IceCv (1/1)

Altars:
Ashenzari
Cheibriados
Dithmenos
Elyvilon
Fedhas
Gozag
Hepliaklqana
Kikubaaqudgha
Makhleb
Nemelex Xobeh
Okawaru
Qazlal
Ru
Sif Muna
Trog
Uskayaw
Vehumet
Wu Jian
Xom
Yredelemnul
Zin
The Shining One

Shops:
D:10 :

Annotations:
IceCv exclusion: ice statue


Innate Abilities, Weirdness & Mutations

You have razor-sharp teeth.
You heal very quickly.
When hurt, damage is shared between your health and your magic reserves.
Your bite disrupts and absorbs the magic of your enemies.
Potions cannot restore your health.
You are immune to rotting.


Message History

You hit the ice statue but do no damage.
You bite the ice statue, but do no damage.
The ice statue is lightly damaged.
You are engulfed in freezing vapours.
The ice statue gestures at you. The freezing blast misses you.
You block the ice beast's attack.
Unknown command.
You hit the ice statue.
You bite the ice statue, but do no damage.
The ice statue is lightly damaged.
You are engulfed in freezing vapours.
The ice statue gestures at you. The bolt of cold hits you!!
* * * LOW HITPOINT WARNING * * *
The ice beast hits you but does no damage.
The ice statue gestures.
You open the door.
A necromancer comes into view. It is wielding a +0 dagger.
You are engulfed in freezing vapours.
You die...

#### '.#
#########.#
#.#.#.#.#.##
##'#'#'#'#..######
.'.......#.....°°#
##.8.8.8.#.#####Y#
.........#.# #@#
.........'.#p⌠['Y8#
.........#.#)[[#Y##
##.8.8.8.#.#####°#
.'.......#.. .°#
##'#'#'#'#.8# ###
#.#.#.#.#.##
#########.# '.#


You could see an ice statue, a necromancer (sleeping) and 3 ice beasts.

Vanquished Creatures
  Psyche (D:9)
  3 ice statues (IceCv)
  A gargoyle (D:11)
  9 ice devils
  2 trolls
  A merfolk (D:11)
  Prince Ribbit (D:5)
  4 slime creatures
  A hippogriff (D:11)
  A vampire (D:11)
  2 wyverns
  5 humans (D:9)
  19 yaks
  Eustachio (D:4)
  A basilisk (Lair:1)
  2 hungry ghosts
  3 wargs (D:10)
  Menkaure (D:7)
  A porcupine (Lair:1)
  2 orc warriors
  2 black bears
  2 sky beasts
  5 ice beasts
  2 phantoms
  A necrophage (D:8)
  3 ogres
  3 centaurs
  6 wolves (Lair:1)
  A crocodile (Lair:1)
  2 big kobolds
  Blork the orc (D:4)
  A wyvern zombie (D:11)
  2 bullfrogs (D:6)
  A water moccasin zombie (D:11)
  5 scorpions
  5 killer bees (D:4)
  15 wights
  5 crimson imps
  A centaur zombie (D:5)
  A bullfrog zombie (D:8)
  12 hounds
  A quasit (D:10)
  4 jellies
  8 orc priests
  7 orc wizards
  2 bullfrog skeletons
  6 iguanas
  A spriggan simulacrum (IceCv)
  3 troll simulacra (IceCv)
  11 worker ants
  A centaur simulacrum (IceCv)
  Robin (D:4)
  A howler monkey zombie (D:6)
  A worker ant zombie (D:7)
  4 naga simulacra (IceCv)
  16 adders
  A howler monkey skeleton (D:11)
  An ogre simulacrum (IceCv)
  4 river rats
  4 shadow imps
  An ooze (D:1)
  An adder skeleton (D:5)
  A dart slug (D:3)
  9 leopard geckos
  25 orcs
  9 bats
  5 giant cockroaches
  12 hobgoblins
  16 jackals
  6 quokkas
  5 ball pythons
  6 frilled lizards
  15 goblins
  17 kobolds
  A quokka skeleton (D:5)
  13 rats
356 creatures vanquished.

Notes
Turn   | Place    | Note
-------+----------+-------------------------------------------
     0 | D:1      | DerDa the Vine Stalker Fighter began the quest for the Orb.
     0 | D:1      | Reached XP level 1. HP: 11/11 MP: 2/2
    62 | D:1      | Reached XP level 2. HP: 8/16 MP: 3/3
   312 | D:1      | Reached XP level 3. HP: 17/20 MP: 4/4
   638 | D:2      | Found an iron altar of Okawaru.
   638 | D:2      | Found a shadowy altar of Dithmenos.
   638 | D:2      | Found an ornate altar of the Wu Jian Council.
   686 | D:2      | Became a worshipper of Warmaster Okawaru
   945 | D:2      | Found a blossoming altar of Fedhas.
   945 | D:2      | Found an ancient bone altar of Kikubaaqudgha.
   967 | D:2      | Gained mutation: Your natural rate of healing is unusually
                  | fast. [Vine Stalker growth]
   967 | D:2      | Reached XP level 4. HP: 24/24 MP: 5/5
  1514 | D:3      | Reached skill level 1 in Invocations
  1604 | D:3      | Reached skill level 1 in Dodging
  1802 | D:3      | Found a shattered altar of Ashenzari.
  1811 | D:3      | Found an opulent altar of Gozag.
  1925 | D:3      | Reached XP level 5. HP: 28/28 MP: 6/6
  2084 | D:3      | Noticed a phantom
  2145 | D:3      | Killed a phantom
  2145 | D:3      | Reached * piety under Okawaru
  2162 | D:3      | Reached XP level 6. HP: 33/33 MP: 8/8
  2269 | D:4      | Noticed an ice beast
  2270 | D:4      | Noticed Robin
  2270 | D:4      | Noticed Blork the orc
  2292 | D:4      | Killed an ice beast
  2364 | D:4      | Found a glowing drain.
  2396 | Sewer    | Entered a sewer
  2411 | Sewer    | Reached ** piety under Okawaru
  2484 | Sewer    | Reached XP level 7. HP: 37/37 MP: 10/10
  2521 | Sewer    | Found a white marble altar of Elyvilon.
  2668 | D:4      | Killed Blork the orc
  2750 | D:4      | Reached skill level 1 in Evocations
  2826 | D:4      | Gained mutation: You have razor-sharp teeth. [Vine Stalker
                  | growth]
  2826 | D:4      | Reached XP level 8. HP: 42/42 MP: 11/11
  2902 | D:4      | Killed Robin
  3017 | D:4      | Reached skill level 5 in Fighting
  3099 | D:4      | Noticed Eustachio
  3110 | D:4      | Reached *** piety under Okawaru
  3155 | D:4      | Killed Eustachio
  3283 | D:5      | Entered Level 5 of the Dungeon
  3334 | D:5      | Noticed Prince Ribbit
  3348 | D:5      | Killed Prince Ribbit
  3380 | D:5      | Found a sparkling altar of Nemelex Xobeh.
  3657 | D:5      | Reached XP level 9. HP: 42/47 MP: 13/13
  3972 | D:5      | Found a snail-covered altar of Cheibriados.
  4042 | D:6      | Reached skill level 5 in Invocations
  4356 | D:6      | Found a staircase to the Ecumenical Temple.
  4362 | D:6      | Reached **** piety under Okawaru
  4370 | Temple   | Entered the Ecumenical Temple
  4901 | D:7      | Noticed Menkaure
  4949 | D:7      | Killed Menkaure
  5036 | D:7      | Reached skill level 5 in Shields
  5052 | D:7      | Reached ***** piety under Okawaru
  5512 | D:7      | Reached XP level 10. HP: 53/53 MP: 15/15
  5572 | D:8      | Found a burning altar of Makhleb.
  5717 | D:8      | Found a radiant altar of Vehumet.
  6004 | D:8      | Reached skill level 5 in Evocations
  6104 | D:9      | Found a runed translucent door.
  6162 | D:9      | Found a staircase to the Lair.
  6195 | D:9      | Reached skill level 5 in Armour
  6358 | D:9      | Found a runed translucent door.
  6413 | D:9      | Noticed Psyche
  6421 | D:9      | Killed Psyche
  6421 | D:9      | Received a gift from Okawaru
  6470 | D:9      | Reached XP level 11. HP: 56/59 MP: 17/17
  6565 | D:9      | Found a runed translucent door.
  6788 | D:9      | Identified a scroll of acquirement
  6791 | D:9      | Identified the +4 quick blade of the Poles {freeze, MP-9
                  | Str+7 Dex+4} (You acquired it on level 9 of the Dungeon)
  6844 | D:10     | Entered Level 10 of the Dungeon
  6845 | D:10     | Found Lecwamn's Book Shoppe.
  6915 | D:10     | Found a staircase to the Orcish Mines.
  7652 | D:11     | Received a gift from Okawaru
  7709 | D:11     | Got a faintly glowing cloak {god gift}
  7714 | D:11     | Identified the +0 cloak "Nakum" {Int+5} (Okawaru gifted it
                  | to you on level 11 of the Dungeon)
  8018 | D:11     | Reached skill level 5 in Dodging
  8237 | Lair:1   | Entered Level 1 of the Lair of Beasts
  8334 | Lair:1   | Gained mutation: You heal very quickly. [Vine Stalker
                  | growth]
  8334 | Lair:1   | Reached XP level 12. HP: 65/65 MP: 19/19
  8381 | Lair:1   | Found a frozen archway.
  8406 | IceCv    | Entered an ice cave
  9018 | IceCv    | HP: 1/66 [ice statue/bolt of cold (21)]
  9019 | IceCv    | Engulfed by an ice statue's freezing vapour

Levels and vault maps discovered:
D:1:      minmay_arrival_semitransparent, layout_rooms
D:2:      layout_loops_ring, grunt_temple_overflow_growth_and_decay,
          chequers_temple_overflow_statue_of_worship
D:3:      layout_loops_cross, amethyst_overflow_temple_binary, minmay_pentangle
D:4:      layout_rooms, portal_sewer_entry_b, uniq_robin, uniq_eustachio,
          uniq_blork_the_orc
D:5:      layout_basic, nemelex_xobeh_ov_fountains_minmay, first_ration,
          lemuel_tele_altar, uniq_prince_ribbit1
D:6:      layout_loops_cross, minmay_temple_entry_proselytizer
D:7:      layout_basic, st_stairs_6, uniq_menkaure
D:8:      layout_cave_pools, kennysheep_little_box, basic_altar
D:9:      erik_cavepeople, layout_rooms
D:10:     layout_gridville, minmay_orc_entry_guard_dogs, serial_shops,
          nicolae_shop_temple_entry_statues_fountains
D:11:     layout_cave_pools, hangedman_fish_farm, hex_tiny
Temple:   nicolae_temple_god_jail
Lair:1:   layout_gridlike, portal_ice_cave_demonic_guard, beast_lair_carwin_1
IceCv:    ice_cave_tombish

Skill      XL: |  1  2  3  4  5  6  7  8  9 10 11 12 |
---------------+-------------------------------------+-----
Fighting       | 3 4 5 6 7 8 9 |  9.2
Long Blades    | 2 3 |  3.4
Shields        | 3 4 5 6 |  6.8
Invocations    | 1 2 3 4 6 7 8 9 |  9.3
Dodging        | 1 2 3 4 5 |  5.4
Armour         | 3 4 5 6 |  6.2
Evocations     | 1 3 4 6 7 8 |  8.0

Action                   |  1- 3 |  4- 6 |  7- 9 | 10-12 || total
-------------------------+-------+-------+-------+-------++-------
Melee: Long sword        |    93 |   137 |       |       ||   230
       Bite              |    27 |    67 |   183 |   307 ||   584
       Whip              |       |    81 |   385 |       ||   466
       Short sword       |       |       |    57 |   119 ||   176
       Demon blade       |       |       |       |   458 ||   458
Invok: Heroism           |       |       |       |     6 ||     6
  Use: Scroll            |       |     6 |     2 |    12 ||    20
       Potion            |       |     1 |       |       ||     1
  Eat: Chunk             |       |     6 |    11 |    34 ||    51
Armor: Scale mail        |    41 |       |       |       ||    41
       Chain mail        |    12 |   129 |   222 |   267 ||   630
Dodge: Dodged            |    23 |    45 |   131 |   183 ||   382
Block: Shield            |    55 |   121 |   253 |   351 ||   780
       Rpst.: Long sword |     6 |    10 |       |       ||    16
       Demon blade       |       |       |       |    39 ||    39

Table legend:
 A = Non-vault XP
 B = Vault XP
 C = Vault XP percentage of total XP
 D = Non-vault monster count
 E = Vault monster count
 F = Vault count percentage of total count
                 A         B        C        D         E       F
            +---------+---------+-------+---------+---------+-------
      Total |   13578 |   10062 |  42.6 |     259 |      97 |  27.2
            +---------+---------+-------+---------+---------+-------
        D:1 |      50 |       0 |   0.0 |      26 |       0 |   0.0
        D:2 |      72 |       0 |   0.0 |      15 |       0 |   0.0
        D:3 |     175 |      30 |  14.6 |      21 |      14 |  40.0
        D:4 |     961 |     362 |  27.4 |      27 |      20 |  42.6
        D:5 |     526 |     274 |  34.2 |      18 |       1 |   5.3
        D:6 |    1142 |      41 |   3.5 |      27 |       1 |   3.6
        D:7 |     668 |     290 |  30.3 |      18 |       2 |  10.0
        D:8 |     726 |       0 |   0.0 |      15 |       0 |   0.0
        D:9 |    2823 |    2796 |  49.8 |      36 |      18 |  33.3
       D:10 |    1633 |     491 |  23.1 |      18 |       3 |  14.3
       D:11 |    3663 |     286 |   7.2 |      29 |       1 |   3.3
     Lair:1 |    1139 |    1316 |  53.6 |       9 |       5 |  35.7
      Sewer |       0 |     151 | 100.0 |       0 |      12 | 100.0
      IceCv |       0 |    4025 | 100.0 |       0 |      20 | 100.0
            +---------+---------+-------+---------+---------+-------
